 Dungeon Crawl Stone Soup version 0.31-a0-1025-g2e47921a08 (webtiles) character file.

Game seed: 17291253103852009921

5 kae the Vexing (level 1, -3/13 HPs)
             Began as a Demonspawn Enchanter on Nov 17, 2023.
             Frozen to death by an endoplasm (4 damage)
             ... on level 1 of the Dungeon.
             The game lasted 00:00:08 (70 turns).

kae the Vexing (Demonspawn Enchanter)                 Turns: 70, Time: 00:00:08

Health: -3/13      AC:  2    Str:  8    XL:     1   Next: 66%
Magic:  3/3        EV: 12    Int: 16    God:
Gold:   20         SH:  0    Dex: 13    Spells: 4/4 levels left

rFire   . . .        a - +1 dagger
rCold   . . .        (no shield)
rNeg    . . .        b - +0 robe
rPois   .            (no helmet)
rElec   .            (no cloak)
rCorr   .            (no gloves)
SInv    .            (no boots)
Will    .....        (no amulet)
Stlth   ++           (no ring)
HPRegen 0.22/turn    (no ring)
MPRegen 0.08/turn

%: no passive effects
@: invisible
A: no striking features
a: no special abilities


You were on level 1 of the Dungeon.
You visited 1 branch of the dungeon, and saw 1 of its levels.

You collected 20 gold pieces.


   Skills:
 * Level 1.2 Short Blades
 - Level 1.7 Dodging
 + Level 2.7 Stealth
 + Level 2.0 Spellcasting
 + Level 3.0 Hexes


You had 4 spell levels left.
You didn't know any spells.
Your spell library contained the following spells:

 Spells                   Type           Power      Damage    Failure   Level
 Ensorcelled Hibernation  Hex/Ice        12%        N/A       17%         2
 Confusing Touch          Hex            11%        N/A       17%         3
 Tukima's Dance           Hex            11%        N/A       17%         3
 Dazzling Flash           Conj/Hex       12%        N/A       32%         3

Inventory:

Hand Weapons
 a - a +1 dagger (weapon)
Armour
 b - a +0 robe (worn)
Potions
 c - a potion of invisibility

Dungeon Overview and Level Annotations

Branches:
Dungeon (1/15) Zot: 5930

Altars:

###.#'#...#...
#........#... ..
#........+.. ..#
#####...)....#.#
........#........#.# +#
......#.#..........##.#
.....#..#.#'#.........#
....#...#.#.#.#.####'###
...#...g#@#.#...#
#.#.#♣♣ .#...h.#J#.#....
#......
#........#...##.#
#..♣..♣ ........h.....#
.# #~#♣♣..
.#...#...#....# #≈#P♣.~
....#.h..##...# #≈#<..~
.#.......# ...# #≈#P♣.~
.........# ...# #~#♣♣..
##.......# ..# #. ..♣


You could see an endoplasm and 2 jackals.


Message History

There is an open door here.
A jackal comes into view. 3 jackals and a goblin come into view.
An endoplasm comes into view.
The goblin shouts!
The jackal barks! x3
The endoplasm quivers.
There are monsters nearby!
You closely miss the jackal.
The jackal bites you but does no damage.
You barely miss the jackal. The jackal barely misses you.
The jackal closely misses you.
There are monsters nearby!
You hit the jackal but do no damage. The jackal bites you.
The goblin hits you but does no damage. The jackal barely misses you.
You hit the jackal. The goblin closely misses you.
The jackal barely misses you. x2 😕 HP[-1]
You take 1 damage, and now have 12/13 hp.
There are monsters nearby!
You barely miss the jackal. The jackal bites you.
The jackal closely misses you. The jackal completely misses you.
The goblin hits you but does no damage. The jackal barely misses you.
The jackal bites you.
You are too injured to fight recklessly! 😮 HP[-4]
You take 4 damage, and now have 8/13 hp.
MASSIVE DAMAGE!! (PAUSE)
The jackal attacks as it pursues you! The jackal bites you.
The jackal bites you but does no damage.
The jackal attacks as it pursues you!
The jackal closely misses you. x2 😮 HP[-1]
You take 1 damage, and now have 7/13 hp.
The jackal attacks as it pursues you! The jackal bites you.
* * * LOW HITPOINT WARNING * * *
😨 HP[-2]
You take 2 damage, and now have 5/13 hp.
The jackal misses you. x2
Unknown command.
You closely miss the jackal. The jackal bites you.
* * * LOW HITPOINT WARNING * * *
😨 HP[-1]
You take 1 damage, and now have 4/13 hp.
You hit the jackal but do no damage.
The jackal bites you but does no damage. 😨 HP[+1]
You barely miss the jackal. The jackal bites you.
* * * LOW HITPOINT WARNING * * *
The jackal barely misses you. 😨 HP[-1]
You take 1 damage, and now have 4/13 hp.
You hit the jackal. The jackal completely misses you.
You closely miss the jackal.
The jackal bites you but does no damage.
You hit the jackal.
The jackal bites you but does no damage.
You fade into invisibility!
The jackal bites you.
* * * LOW HITPOINT WARNING * * *
The jackal misses you.
You miss the jackal. The jackal misses you.
You hit the jackal but do no damage.
Unknown command.
You barely miss the jackal.
Unknown command.
You strike the helpless jackal from behind!
You puncture the jackal!
You kill the jackal! 😨 HP[+1]
You closely miss the jackal. The jackal bites you.
* * * LOW HITPOINT WARNING * * *
😱 HP[-2]
You take 2 damage, and now have 3/13 hp.
Unknown command.
You miss the jackal. The jackal closely misses you.
You miss the jackal.
The jackal barks!
The jackal misses you.
The jackal barks!
You hit the jackal. The jackal closely misses you.
You closely miss the jackal. The jackal bites you.
* * * LOW HITPOINT WARNING * * *
😱 HP[-1]
You take 1 damage, and now have 2/13 hp.
You hit the jackal.
You kill the jackal!
The jackal barks!
You hit the goblin. The goblin hits you with a +0 club.
* * * LOW HITPOINT WARNING * * *
😱 HP[-1]
You take 1 damage, and now have 1/13 hp.
You hit the goblin. The goblin barely misses you.
You strike the helpless goblin from behind!
You puncture the goblin!
You kill the goblin!
You hit the endoplasm. The endoplasm hits you.
* * * LOW HITPOINT WARNING * * *
You barely miss the endoplasm.
The jackal barks!
The endoplasm freezes you.
You die...

Skill      XL: |  1 |
---------------+----+-----
Short Blades   | 1 |  1.2
Dodging        | |  1.7
Stealth        | |  2.7
Spellcasting   | |  2.0
Hexes          | |  3.0

Action                     || total
---------------------------++-------
  Melee: Dagger            ||    27
    Use: Potion            ||     1
   Stab: Invisible         ||     2
         Sleeping          ||     1
 Armour: Robe              ||    19
  Dodge: Dodged            ||    21

Levels and vault maps discovered:
D:1:      tarquinn_simple_flora_water_b, layout_basic, chequers_big_river,
          hangedman_decor_opposing

Notes
Turn   | Place    | Note
-------+----------+-------------------------------------------
     0 | D:1      | kae the Demonspawn Enchanter began the quest for the Orb.
     0 | D:1      | Reached XP level 1. HP: 13/13 MP: 3/3
     0 | D:1      | magus.rc [v1.11.3]
    19 | D:1      | Reached skill level 1 in Short Blades
    60 | D:1      | HP: 3/13 [jackal (2)]
    66 | D:1      | HP: 1/13 [goblin/+0 club (1)]
    70 | D:1      | Frozen to death by an endoplasm

Vanquished Creatures
  A goblin (D:1)
  2 jackals (D:1)
  A kobold (D:1)
4 creatures vanquished.

Table legend:
 A = Non-vault XP
 B = Vault XP
 C = Vault XP percentage of total XP
 D = Non-vault monster count
 E = Vault monster count
 F = Vault count percentage of total count
                 A         B        C        D         E       F
            +---------+---------+-------+---------+---------+-------
      Total |       8 |       0 |   0.0 |       4 |       0 |   0.0
            +---------+---------+-------+---------+---------+-------
        D:1 |       8 |       0 |   0.0 |       4 |       0 |   0.0
            +---------+---------+-------+---------+---------+-------

Skill      XL: |  1 |
---------------+----+-----
Short Blades   | 1 |  1.2
Dodging        | |  1.7
Stealth        | |  2.7
Spellcasting   | |  2.0
Hexes          | |  3.0

Action                     || total
---------------------------++-------
  Melee: Dagger            ||    27
    Use: Potion            ||     1
   Stab: Invisible         ||     2
         Sleeping          ||     1
 Armour: Robe              ||    19
  Dodge: Dodged            ||    21

Illustrated notes

Table legend:
 A = Kills in this place as a percentage of kills in the entire game.
 B = Kills by you in this place as a percentage of kills by you in the entire game.
 C = Kills by friends in this place as a percentage of kills by friends in the entire game.
 D = Other kills in this place as a percentage of other kills in the entire game.
 E = Experience gained in this place as a percentage of experience gained in the entire game.
 F = Experience gained in this place divided by the number of levels of this place that you have seen.
                   A       B       C       D       E      F
               +-------+-------+-------+-------+-------+----------------------
         Total | 100.0 | 100.0 |   N/A |   N/A | 100.0 |   8.0
       Dungeon | 100.0 | 100.0 |   N/A |   N/A | 100.0 |   8.0
               +-------+-------+-------+-------+-------+----------------------

Table legend: (Time is in decaauts)
 A = Elapsed time spent in this place.
 B = Non-inter-level travel time spent in this place.
 C = Inter-level travel time spent in this place.
 D = Time resting spent in this place.
 E = Time spent auto-exploring this place.
 F = Levels seen in this place.
 G = Mean time per level.
                   A        B        C        D        E       F      G
               +--------+--------+--------+--------+--------+-----+--------+
         Total |     68 |     68 |      0 |      0 |     27 |   1 |   68.0 |
       Dungeon |     68 |     68 |      0 |      0 |     27 |   1 |   68.0 |
               +--------+--------+--------+--------+--------+-----+--------+

Top non-repeatable levels by time:
     D:1: 68 daAuts
